3AAA
BALBOA BUCCANEERS @ SCRANTON SUPERNOVAS
09/02/2021
 
TOP OF THE 1ST
Balboa Buccaneers batting - Pitching for Scranton Supernovas : RHP Victor Brey
Pitching: RHP Victor Brey
Batting: RHB Lane Hancock 0-0: Ball
1-0: Ball
2-0: Foul Ball, location: 2F
2-1: Ball
3-1: Called Strike
3-2: Foul Ball, location: 2F
3-2: Ground out 5-3 (Groundball, 56)
Batting: RHB Roy Childress 0-0: Called Strike
0-1: Ball
1-1: Swinging Strike
1-2: Ball
2-2: Foul Ball, location: 2F
2-2: Ball
3-2: Ground out 4-3 (Groundball, 4M)
Batting: LHB Sergio Muńóz 0-0: Ball
1-0: Ball
2-0: Ball
3-0: Base on Balls
Batting: RHB Félix Rodríguez 0-0: Ball
1-0: Fly out, F9 (Flyball, 89D)
Top of the 1st over - 0 run(s), 0 hit(s), 0 error(s), 1 left on base; Balboa 0 - Scranton 0
BOTTOM OF THE 1ST
Scranton Supernovas batting - Pitching for Balboa Buccaneers : RHP Luis Flores
Pitching: RHP Luis Flores
Batting: RHB Keith MacKey 0-0: Ball
1-0: Ball
2-0: Foul Ball, location: 2F
2-1: Fly out, F9 (Flyball, 89M)
Batting: LHB Cliff Aldridge 0-0: Ball
1-0: Ball
2-0: Called Strike
2-1: Ball
3-1: SOLO HOME RUN (Flyball, 8LXD), Distance : 457 ft
Batting: SHB Jesús Cabańe 0-0: Called Strike
0-1: Ball
1-1: Ball
2-1: Foul Ball, location: 2F
2-2: Ball
3-2: Base on Balls
Batting: RHB Dave Morris 0-0: Called Strike
Jesús Cabańe steals 2nd base
0-1: Foul Ball, location: 2F
0-2: Ground out 6-3 (Groundball, 6)
Jesús Cabańe to third
Batting: RHB Chris Teague 0-0: Called Strike
0-1: Ball
1-1: Foul Ball, location: 2F
1-2: Ball
2-2: Foul Ball, location: 2F
2-2: Ball
3-2: Strikes out swinging
Bottom of the 1st over - 1 run(s), 1 hit(s), 0 error(s), 1 left on base; Balboa 0 - Scranton 1
TOP OF THE 2ND
Balboa Buccaneers batting - Pitching for Scranton Supernovas : RHP Victor Brey
Batting: RHB Kyle Myers 0-0: Foul Ball, location: 2F
0-1: Ball
1-1: Ball
2-1: Ground out 5-3 (Groundball, 5)
Batting: RHB Leonard James 0-0: Ball
1-0: Ball
2-0: Ball
3-0: Foul Ball, location: 2F
3-1: Foul Ball, location: 2F
3-2: Base on Balls
Batting: LHB Steve Cunningham 0-0: Ball
1-0: Ball
2-0: Ball
3-0: Called Strike
3-1: Foul Ball, location: 2F
3-2: Base on Balls
Leonard James to second
Batting: RHB Jean Lemaire 0-0: Foul Ball, location: 2F
0-1: Swinging Strike
0-2: Ball
1-2: Fly out, F7 (Flyball, 7M)
Batting: RHB Denis Taylor 0-0: DOUBLE (Line Drive, 7LM)
Leonard James scores
Steve Cunningham to third
Runner from 3rd tries for Home, SAFE, no throw or cutoff
Batting: RHB Lane Hancock 0-0: Ball
1-0: Ground out 6-3 (Groundball, 6S)
Top of the 2nd over - 2 run(s), 1 hit(s), 0 error(s), 1 left on base; Balboa 2 - Scranton 1
BOTTOM OF THE 2ND
Scranton Supernovas batting - Pitching for Balboa Buccaneers : RHP Luis Flores
Batting: RHB Jesús Rodríguez 0-0: Called Strike
0-1: Called Strike
0-2: Ball
1-2: Ball
2-2: Fly out, F8 (Flyball, 8RD)
Batting: LHB Francisco Ortega 0-0: Ball
1-0: Fly out, F7 (Flyball, 78D)
Batting: RHB Thomas Campbell 0-0: Ball
1-0: Ball
2-0: Ground out 6-3 (Groundball, 6)
Bottom of the 2nd over - 0 run(s), 0 hit(s), 0 error(s), 0 left on base; Balboa 2 - Scranton 1
TOP OF THE 3RD
Balboa Buccaneers batting - Pitching for Scranton Supernovas : RHP Victor Brey
Batting: RHB Roy Childress 0-0: Called Strike
0-1: Ball
1-1: Swinging Strike
1-2: Strikes out swinging
Batting: LHB Sergio Muńóz 0-0: Called Strike
0-1: Ball
1-1: Foul Ball, location: 2F
1-2: Ground out 4-3 (Groundball, 4)
Batting: RHB Félix Rodríguez 0-0: Ball
1-0: Ball
2-0: Fly out, F8 (Flyball, 8LM)
Top of the 3rd over - 0 run(s), 0 hit(s), 0 error(s), 0 left on base; Balboa 2 - Scranton 1
BOTTOM OF THE 3RD
Scranton Supernovas batting - Pitching for Balboa Buccaneers : RHP Luis Flores
Batting: RHB Josh Stafford 0-0: Ball
1-0: Ground out 6-3 (Groundball, 6)
Batting: RHB Keith MacKey 0-0: Ground out 6-3 (Groundball, 56)
Batting: LHB Cliff Aldridge 0-0: Fly out, F7 (Popup, 7LS)
Bottom of the 3rd over - 0 run(s), 0 hit(s), 0 error(s), 0 left on base; Balboa 2 - Scranton 1
TOP OF THE 4TH
Balboa Buccaneers batting - Pitching for Scranton Supernovas : RHP Victor Brey
Batting: RHB Kyle Myers 0-0: SINGLE (Groundball, 25) (infield hit)
Batting: RHB Leonard James 0-0: Fly out, F7 (Flyball, 7M)
Batting: LHB Steve Cunningham 0-0: Grounds into double play, 4-6-3 (Groundball, 34)
Top of the 4th over - 0 run(s), 1 hit(s), 0 error(s), 0 left on base; Balboa 2 - Scranton 1
BOTTOM OF THE 4TH
Scranton Supernovas batting - Pitching for Balboa Buccaneers : RHP Luis Flores
Batting: SHB Jesús Cabańe 0-0: Swinging Strike
0-1: SINGLE (Line Drive, 56D)
Batting: RHB Dave Morris 0-0: Called Strike
0-1: Ball
1-1: Foul Ball, location: 2F
1-2: Grounds into double play, 6-4-3 (Groundball, 6)
Batting: RHB Chris Teague 0-0: Ball
1-0: Ball
2-0: Foul Ball, location: 2F
2-1: Foul Ball, location: 2F
2-2: Strikes out swinging
Bottom of the 4th over - 0 run(s), 1 hit(s), 0 error(s), 0 left on base; Balboa 2 - Scranton 1
TOP OF THE 5TH
Balboa Buccaneers batting - Pitching for Scranton Supernovas : RHP Victor Brey
Batting: RHB Jean Lemaire 0-0: Ball
1-0: Ball
2-0: Ball
3-0: Called Strike
3-1: Foul Ball, location: 2F
3-2: Base on Balls
Batting: RHB Denis Taylor 0-0: Ball
1-0: Called Strike
1-1: Ball
2-1: Ball
3-1: Foul Ball, location: 2F
3-2: Foul Ball, location: 2F
3-2: Base on Balls
Jean Lemaire to second
Batting: RHB Lane Hancock 0-0: Foul Ball, location: 2F
0-1: Swinging Strike
0-2: Strikes out swinging
Batting: RHB Roy Childress 0-0: Ball
1-0: Ball
2-0: SINGLE (Line Drive, 89S)
Jean Lemaire to third
Denis Taylor to second
Batting: LHB Sergio Muńóz 0-0: Fly out, F7 (Popup, 56D)
Batting: RHB Félix Rodríguez 0-0: Ball
1-0: Foul Ball, location: 2F
1-1: SINGLE (Line Drive, 78S)
Jean Lemaire scores
Denis Taylor to third
Roy Childress to second
Batting: RHB Kyle Myers 0-0: Called Strike
0-1: Swinging Strike
0-2: Ball
1-2: Foul Ball, location: 2F
1-2: Strikes out looking
Top of the 5th over - 1 run(s), 2 hit(s), 0 error(s), 3 left on base; Balboa 3 - Scranton 1
BOTTOM OF THE 5TH
Scranton Supernovas batting - Pitching for Balboa Buccaneers : RHP Luis Flores
Batting: RHB Jesús Rodríguez 0-0: Ball
1-0: Called Strike
1-1: Foul Ball, location: 2F
1-2: Fly out, F4 (Popup, 34D)
Batting: LHB Francisco Ortega 0-0: DOUBLE (Flyball, 9LM)
Batting: RHB Thomas Campbell 0-0: Ball
1-0: Swinging Strike
1-1: Foul Ball, location: 2F
1-2: SINGLE (Line Drive, 89S)
Francisco Ortega to third
Batting: RHB Josh Stafford 0-0: Ball
Wild Pitch!
Francisco Ortega scores
Thomas Campbell to second
1-0: Foul Ball, location: 2F
1-1: Ball
2-1: Called Strike
2-2: Ball
3-2: Foul Ball, location: 2F
3-2: Base on Balls
Batting: RHB Keith MacKey 0-0: Ball
1-0: Swinging Strike
1-1: Foul Ball, location: 2F
1-2: Strikes out swinging
Batting: LHB Cliff Aldridge 0-0: Ball
1-0: Called Strike
1-1: Ball
2-1: Ball
3-1: Foul Ball, location: 2F
3-2: Foul Ball, location: 2F
3-2: Foul Ball, location: 2F
3-2: Base on Balls
Thomas Campbell to third
Josh Stafford to second
Batting: SHB Jesús Cabańe 0-0: Ball
1-0: Fly out, F7 (Line Drive, 7D)
Bottom of the 5th over - 1 run(s), 2 hit(s), 0 error(s), 3 left on base; Balboa 3 - Scranton 2
TOP OF THE 6TH
Balboa Buccaneers batting - Pitching for Scranton Supernovas : RHP Victor Brey
Batting: RHB Leonard James 0-0: Ground out 6-3 (Groundball, 6)
Batting: LHB Steve Cunningham 0-0: Called Strike
0-1: Called Strike
0-2: Strikes out looking
Batting: RHB Jean Lemaire 0-0: Ball
1-0: Foul Ball, location: 2F
1-1: Called Strike
1-2: Fly out, F8 (Flyball, 8LS)
Top of the 6th over - 0 run(s), 0 hit(s), 0 error(s), 0 left on base; Balboa 3 - Scranton 2
BOTTOM OF THE 6TH
Scranton Supernovas batting - Pitching for Balboa Buccaneers : RHP Luis Flores
Batting: RHB Dave Morris 0-0: Fly out, F7 (Flyball, 7M)
Batting: RHB Chris Teague 0-0: Called Strike
0-1: Ground out 6-3 (Groundball, 6M)
Batting: RHB Jesús Rodríguez 0-0: Ball
1-0: Ball
2-0: Ball
3-0: Called Strike
3-1: Called Strike
3-2: SOLO HOME RUN (Flyball, 7D), Distance : 395 ft
Batting: LHB Francisco Ortega 0-0: Called Strike
0-1: Swinging Strike
0-2: Ball
1-2: Ball
2-2: Foul Ball, location: 2F
2-2: Foul Ball, location: 2F
2-2: SINGLE (Line Drive, 8LS)
Batting: RHB Thomas Campbell 0-0: Ball
Francisco Ortega steals 2nd base
1-0: Ball
2-0: Ball
3-0: Base on Balls
Batting: RHB Josh Stafford 0-0: Foul Ball, location: 2F
0-1: Swinging Strike
0-2: Fly out, F9 (Flyball, 89M)
Bottom of the 6th over - 1 run(s), 2 hit(s), 0 error(s), 2 left on base; Balboa 3 - Scranton 3
TOP OF THE 7TH
Balboa Buccaneers batting - Pitching for Scranton Supernovas : RHP Victor Brey
Batting: RHB Denis Taylor 0-0: Ball
1-0: Ball
2-0: Foul Ball, location: 2F
2-1: Ball
3-1: Base on Balls
Batting: RHB Lane Hancock 0-0: Swinging Strike
0-1: Ball
1-1: Fly out, F9 (Flyball, 9M)
Batting: RHB Roy Childress 0-0: Ball
1-0: Fly out, F8 (Line Drive, 8RM)
Batting: LHB Sergio Muńóz 0-0: SINGLE (Line Drive, 7S)
Denis Taylor to second
Pinch Hitting: LHB Imre Brincka 0-0: Called Strike
0-1: Called Strike
0-2: Ball
1-2: Strikes out looking
Top of the 7th over - 0 run(s), 1 hit(s), 0 error(s), 2 left on base; Balboa 3 - Scranton 3
BOTTOM OF THE 7TH
Scranton Supernovas batting - Pitching for Balboa Buccaneers : RHP Luis Flores
Now at SS: Imre Brincka
Batting: RHB Keith MacKey 0-0: Foul Ball, location: 2F
0-1: Ground out 5-3 (Groundball, 6)
Batting: LHB Cliff Aldridge 0-0: Called Strike
0-1: Swinging Strike
0-2: DOUBLE (Flyball, 8RXD)
Batting: SHB Jesús Cabańe 0-0: SINGLE (Line Drive, 89S)
Cliff Aldridge to third
Batting: RHB Dave Morris 0-0: Called Strike
Jesús Cabańe steals 2nd base
0-1: Ball
1-1: Foul Ball, location: 2F
1-2: Strikes out swinging
Batting: RHB Chris Teague 0-0: Called Strike
0-1: Ball
1-1: Fly out, F8 (Flyball, 8RM)
Bottom of the 7th over - 0 run(s), 2 hit(s), 0 error(s), 2 left on base; Balboa 3 - Scranton 3
TOP OF THE 8TH
Balboa Buccaneers batting - Pitching for Scranton Supernovas : RHP Victor Brey
Batting: RHB Kyle Myers 0-0: Called Strike
0-1: Ground out 5-3 (Groundball, 5S)
Batting: RHB Leonard James 0-0: Called Strike
0-1: Foul Ball, location: 2F
0-2: Foul Ball, location: 2F
0-2: Foul Ball, location: 2F
0-2: Ball
1-2: Foul Ball, location: 2F
1-2: Strikes out swinging
Batting: LHB Steve Cunningham 0-0: Ball
1-0: Fly out, F7 (Flyball, 7M)
Top of the 8th over - 0 run(s), 0 hit(s), 0 error(s), 0 left on base; Balboa 3 - Scranton 3
BOTTOM OF THE 8TH
Scranton Supernovas batting - Pitching for Balboa Buccaneers : RHP Luis Flores
Batting: RHB Jesús Rodríguez 0-0: Ball
1-0: Ground out 5-3 (Groundball, 56S)
Batting: LHB Francisco Ortega 0-0: Fly out, F8 (Flyball, 8LM)
Batting: RHB Thomas Campbell 0-0: Ball
1-0: Ball
2-0: TRIPLE (Flyball, 89XD)
Pitching: LHP Albert Lucas
Batting: RHB Josh Stafford 0-0: Fly out, F4 (Popup, 4MD)
Bottom of the 8th over - 0 run(s), 1 hit(s), 0 error(s), 1 left on base; Balboa 3 - Scranton 3
TOP OF THE 9TH
Balboa Buccaneers batting - Pitching for Scranton Supernovas : RHP Victor Brey
Batting: RHB Jean Lemaire 0-0: Called Strike
0-1: Swinging Strike
0-2: Strikes out swinging
Batting: RHB Denis Taylor 0-0: Foul Ball, location: 2F
0-1: Reached on error, E2 (Groundball, 2L)
Pitching: RHP Bob Meyer
Batting: RHB Lane Hancock 0-0: Ball
1-0: Foul Ball, location: 2F
1-1: Ball
2-1: Foul Ball, location: 2F
2-2: Foul Ball, location: 2F
2-2: Ball
3-2: Fly out, F7 (Popup, 7LS)
Batting: RHB Roy Childress 0-0: Ball
Wild Pitch!
Denis Taylor to second
1-0: Foul Ball, location: 2F
1-1: 2-RUN HOME RUN (Line Drive, 7LD), Distance : 374 ft
Batting: LHB Sergio Muńóz 0-0: Called Strike
0-1: Ball
1-1: Ball
2-1: Swinging Strike
2-2: Ground out 4-3 (Groundball, 4M)
Top of the 9th over - 2 run(s), 1 hit(s), 1 error(s), 0 left on base; Balboa 5 - Scranton 3
BOTTOM OF THE 9TH
Scranton Supernovas batting - Pitching for Balboa Buccaneers : LHP Albert Lucas
Pitching: RHP Jim Unknown
Batting: RHB Keith MacKey 0-0: Foul Ball, location: 2F
0-1: Ball
1-1: SINGLE (Line Drive, 89S)
Batting: LHB Cliff Aldridge 0-0: Ball
1-0: Foul Ball, location: 2F
1-1: Foul Ball, location: 2F
1-2: Fielders Choice at 2nd, 1-4 (Groundball, 15S)
Batting: SHB Jesús Cabańe 0-0: Swinging Strike
0-1: Ball
1-1: Ball
2-1: Ball
3-1: Base on Balls
Cliff Aldridge to second
Batting: RHB Dave Morris 0-0: Called Strike
0-1: Ball
1-1: SINGLE (Groundball, 6D)
Cliff Aldridge to third
Jesús Cabańe to second
Runner from 3rd tries for Home, SAFE, no throw or cutoff
Batting: RHB Chris Teague 0-0: Swinging Strike
0-1: Ball
1-1: Ball
2-1: Foul Ball, location: 2F
2-2: Fly out, F8 (Flyball, 8LM)
Batting: RHB Jesús Rodríguez 0-0: Ball
1-0: Ball
2-0: Foul Ball, location: 2F
2-1: Ball
3-1: Base on Balls
Jesús Cabańe to third
Dave Morris to second
Batting: LHB Francisco Ortega 0-0: Ground out 5-3 (Groundball, 5S)
Bottom of the 9th over - 1 run(s), 2 hit(s), 0 error(s), 3 left on base; Balboa 5 - Scranton 4
This league is powered by Out of the Park Baseball, the baseball management simulation game for PC, Mac and Linux
Friday, January 22nd, 2016 - OOTP Baseball 16.9 Build 39